 Dungeon Crawl Stone Soup version 0.21.1-1-g345015f (webtiles) character file.

19414 inmateoo the Blocker (level 12, -3/84 HPs)
             Began as a Gnoll Wanderer on Feb 6, 2018.
             Was an Elder of Hepliaklqana.
             Slain by a minotaur (20 damage)
             ... on level 13 of the Dungeon.
             The game lasted 00:24:48 (13978 turns).

inmateoo the Blocker (Gnoll Wanderer)              Turns: 13978, Time: 00:24:49

Health: -3/84      AC: 10    Str: 18    XL:     12   Next: 68%
Magic:  33/33      EV: 17    Int: 14    God:    Hepliaklqana [****..]
Gold:   473        SH:  7    Dex: 17    Spells: 14/27 levels left

rFire    . . .     SeeInvis .   m - +1 trident (venom)
rCold    . . .     Gourm    .   v - +0 buckler
rNeg     . . .     Faith    .   a - +2 leather armour of Dogmatism {rPois}
rPois    +         Spirit   .   p - +2 helmet
rElec    .         Reflect  .   (no cloak)
rCorr    +         Harm     .   (no gloves)
MR       .....                  s - +0 pair of boots
Stlth    ++++......             (no amulet)
HPRegen  0.24/turn              j - ring of magical power
MPRegen  0.23/turn              M - ring of resist corrosion

@: about to teleport
A: distributed training, reduced essence, fangs 1, strong nose
a: Recall Ancestor, Ancestor Identity, Transference, Idealise, Renounce Religion


You were on level 13 of the Dungeon.
You worshipped Hepliaklqana.
Hepliaklqana was greatly pleased with you.
You were hungry.

You visited 1 branch of the dungeon, and saw 13 of its levels.
You also visited: Labyrinth.

You collected 751 gold pieces.
You spent 278 gold pieces at shops.

Inventory:

Hand Weapons
 m - a +1 trident of venom (weapon)
 C - the cursed +2 falchion of Kizoeh {speed, rF- Int+6, unknown}
   (You found it in a labyrinth)

   Attacks with this weapon are significantly faster.
   It affects your intelligence (+6).
   It makes you vulnerable to fire.
   It has a curse placed upon it.
 P - the +9 mace of Variability {chaos}
   (You found it on level 11 of the Dungeon)

   Each time it hits an enemy it has a different, random effect.
Missiles
 l - 4 poisoned tomahawks (quivered)
 O - 3 throwing nets
Armour
 a - the +2 leather armour of Dogmatism (worn) {rPois}
   (You bought it in a shop on level 4 of the Dungeon)

   It protects you from poison.
 p - a +2 helmet (worn)
 s - a +0 pair of boots (worn)
 v - a +0 buckler (worn)
 y - a +0 shield
 F - the +5 scale mail of the Vestibule of Hell {rElec rF+ MR- Str+3 Int+9, unknown}
   (You found it in a labyrinth)

   It affects your strength (+3).
   It affects your intelligence (+9).
   It protects you from fire.
   It insulates you from electricity.
   It affects your resistance to hostile enchantments.
Magical Staves
 I - an uncursed staff of air {unknown}
 N - a cursed staff of power {unknown}
Jewellery
 j - a ring of magical power (left hand)
 u - the ring "Iseen" {rElec rPois, unknown}
   (You found it in a labyrinth)

   [ring of poison resistance]

   It insulates you from electricity.
   It protects you from poison.
 M - a ring of resist corrosion (right hand)
Wands
 k - a wand of random effects (25)
 r - a wand of digging (20)
 w - a wand of clouds (4)
 A - a wand of enslavement (27)
 G - a wand of iceblast (8)
 J - a wand of disintegration (12)
 K - a wand of flame (42)
Scrolls
 d - a scroll of amnesia
 i - 8 scrolls of remove curse
 B - a scroll of enchant weapon
 E - a scroll of teleportation
Potions
 b - a potion of resistance {unknown}
 e - a potion of heal wounds
 g - 6 potions of might
 h - 4 potions of brilliance
 n - a potion of agility
 o - 5 potions of haste
 q - 3 potions of cancellation
 t - a potion of flight
 z - a potion of magic
 D - a potion of curing
 H - a potion of mutation
Books
 c - a book of Enchantments

   Spells                             Type                      Level
   a - Cause Fear                     Hexes                        4
   b - Yara's Violent Unravelling     Hexes/Transmutation          5
   c - Silence                        Hexes/Air                    5
   d - Deflect Missiles               Charms/Air                   6
   e - Discord                        Hexes                        8
 x - a book of Flames

   Spells                             Type                      Level
   a - Flame Tongue                   Conjuration/Fire             1
   b - Throw Flame                    Conjuration/Fire             2
   c - Conjure Flame                  Conjuration/Fire             3
   d - Inner Flame                    Hexes/Fire                   3
   e - Sticky Flame                   Conjuration/Fire             4
   f - Fireball                       Conjuration/Fire             5
 L - a book of Air

   Spells                             Type                      Level
   a - Shock                          Conjuration/Air              1
   b - Swiftness                      Charms/Air                   2
   c - Static Discharge               Conjuration/Air              3
   d - Airstrike                      Air                          4
   e - Lightning Bolt                 Conjuration/Air              5
Comestibles
 f - 25 rations


   Skills:
 + Level 8.8 Fighting
 + Level 7.4 Short Blades
 + Level 7.4 Long Blades
 + Level 7.4 Axes
 + Level 7.4 Maces & Flails
 + Level 7.4 Polearms
 + Level 7.4 Staves
 + Level 7.4 Slings
 + Level 7.4 Bows
 + Level 7.4 Crossbows
 + Level 7.4 Throwing
 + Level 7.4 Armour
 + Level 7.4 Dodging
 + Level 7.8 Stealth
 + Level 8.8 Shields
 + Level 7.4 Unarmed Combat
 + Level 8.0 Spellcasting
 + Level 6.1 Conjurations
 + Level 6.1 Hexes
 + Level 6.1 Charms
 + Level 7.3 Summonings
 + Level 6.1 Necromancy
 + Level 6.1 Translocations
 + Level 6.1 Transmutations
 + Level 6.1 Fire Magic
 + Level 6.1 Ice Magic
 + Level 6.1 Air Magic
 + Level 6.1 Earth Magic
 + Level 7.3 Poison Magic
 + Level 8.1 Invocations
 + Level 7.4 Evocations


You had 14 spell levels left.
You knew the following spells:

 Your Spells              Type           Power        Failure   Level  Hunger
d - Regeneration          Chrm/Necr      ###.......   3%          3    ##.....
e - Spectral Weapon       Hex/Chrm       ###.....     3%          3    ##.....
f - Song of Slaying       Chrm           ###.....     1%          2    None
g - Shroud of Golubria    Chrm/Tloc      ###.......   1%          2    None
h - Infusion              Chrm           ###.         1%          1    None
i - Swiftness             Chrm/Air       ###.....     1%          2    None


Dungeon Overview and Level Annotations

Branches:
Dungeon (13/15)            Temple (0/1) D:6            Lair (0/6) D:9
    Orc (0/2) D:11
 Vaults: D:13-14

Altars:
Elyvilon
Fedhas
Gozag
Hepliaklqana
Makhleb
Sif Muna
Uskayaw
Yredelemnul
Zin

Shops:
D:4 [   D:7 =   D:8 (

Annotations:
D:1 Terence
D:5 exclusion: 2 doors
D:10 Santangelo's ghost, journeyman VSBe


Innate Abilities, Weirdness & Mutations

Your experience applies equally to all skills.
You have very sharp teeth.
Your uncanny sense of smell can sniff out nearby items.
Your life essence is reduced to manifest your ancestor. (-10% HP)


Message History

Found 10 bolts.
O - 3 throwing nets (gained 2);
c - a book of Enchantments
A - a wand of enslavement (27) (gained 9 charges)
u - a faintly glowing brass ring;
w - a wand of clouds (4)
x - a book of Flames
There is an escape hatch in the ceiling, spattered with blood here.
Items here: ( ))) [[[ || Unknown command.
C - an ancient falchion;
F - a steaming scale mail
I - a gnarled jewelled staff;
N - a long glowing staff The minotaur is no longer charmed.
You block the minotaur's attack. The minotaur gores you.
* * * LOW HITPOINT WARNING * * *
V1lat hits the minotaur with a flail!
Welcome back to the Dungeon!
There is an empty arch of ancient stone here.
Unknown command.
As you read the scroll of teleportation, it crumbles to dust.
You feel strangely unstable. The minotaur hits you!!
You die...

#################################
.................[))..)..........
########.........#####)..........
#..#####..# #.........## #..#
#..# #.<.......# #..# #..#
#)........# #..# #.R# #.........#
#..# #H@# #.........# #..# #..#
#.........# #..* #..# #........,*
*,,* #..# #........,* *,,* #..#
#........,* *,,* #..# #........,*
*,,* #..# *,,,,,,,,,* *,,* #..#
*,,,,,,,,,* *,,* *,,* *,,,,,,,,,*


You could see the friendly V1lat the knight and a minotaur.

Vanquished Creatures
  A hydra (D:8)
  5 two-headed ogres
  Pikel (D:7)
  A deep elf mage (D:8)
  3 ugly things (D:12)
  A manticore (D:11)
  2 trolls
  2 hornets
  2 slime creatures (D:12)
  A meliai zombie (D:12)
  6 yaks (D:10)
  A shadow (D:11)
  A wraith (D:12)
  Grum (D:8)
  A basilisk (D:12)
  2 hungry ghosts
  A steam dragon (D:9)
  An acid dragon (D:11)
  A water moccasin (D:7)
  2 sky beasts
  A slave (D:7)
  2 black bears (D:11)
  5 orc warriors
  3 ogres
  4 wolves
  2 centaurs
  2 crocodiles
  A big kobold (D:12)
  6 bullfrogs
  3 scorpions
  29 killer bees
  10 wights
  2 bullfrog zombies
  4 crimson imps
  A centaur zombie (D:10)
  A gnoll shaman (D:8)
  2 jellies
  2 orc priests
  5 hounds
  4 iguanas
  2 bullfrog skeletons
  10 orc wizards
  8 worker ants
  2 hound skeletons (D:9)
  6 gnolls
  11 adders
  3 shadow imps
  An adder skeleton (D:4)
  A worm (D:2)
  6 dart slugs
  6 leopard geckos
  33 orcs
  3 giant cockroaches
  10 hobgoblins
  2 jackals
  3 quokkas
  2 ball pythons
  9 bats
  6 frilled lizards
  6 goblins
  16 kobolds
  A leopard gecko skeleton (D:6)
  6 rats
278 creatures vanquished.

Vanquished Creatures (collateral kills)
  A hydra (D:12)
  A two-headed ogre (D:8)
  An unseen horror (D:10)
  A gargoyle (D:10)
  A slime creature (D:12)
  A shadow (D:12)
  A yak (D:10)
  A hungry ghost (D:11)
  A water moccasin (D:10)
  An orc warrior (D:11)
  An ice beast (D:5)
  A sky beast (D:8)
  4 ogres
  2 bullfrogs
  3 killer bees
  An electric eel (D:10)
  2 wights (D:6)
  A crimson imp (D:5)
  2 hounds
  A jelly (D:8)
  2 bullfrog skeletons
  2 iguanas (D:10)
  A worker ant (D:12)
  3 orc wizards
  6 gnolls
  A worker ant zombie (D:8)
  6 adders
  A shadow imp (D:5)
  A worm (D:3)
  11 orcs
  A giant cockroach (D:4)
  5 jackals
  A butterfly (D:6)
69 creatures vanquished.

Vanquished Creatures (others)
  A slave (D:7)
  13 knights
  5 ancestors
  A plant (D:3)
  5 spectral weapons
25 creatures vanquished.

Grand Total: 372 creatures vanquished

Notes
Turn   | Place    | Note
-------+----------+-------------------------------------------
     0 | D:1      | inmateoo the Gnoll Wanderer began the quest for the Orb.
     0 | D:1      | inmateoo set off with: a +2 spear, Sif Muna's Volume of Ice, Fulyfer's Reference Book on Contamination, a +0 robe, a ration
     0 | D:1      | Reached XP level 1. HP: 20/20 MP: 4/4
     0 | D:1      | Identified Sif Muna's Volume of Ice
     0 | D:1      | Identified Fulyfer's Reference Book on Contamination
     2 | D:1      | Learned a level 1 spell: Sting
   201 | D:1      | Reached XP level 2. HP: 26/26 MP: 5/5
   483 | D:1      | Reached XP level 3. HP: 31/31 MP: 7/7
   660 | D:2      | Reached skill level 1 in Invocations
   692 | D:1      | HP: 1/31 [poisoned by an adder]
  1052 | D:2      | Reached skill level 1 in Short Blades
  1052 | D:2      | Reached skill level 1 in Long Blades
  1052 | D:2      | Reached skill level 1 in Axes
  1052 | D:2      | Reached skill level 1 in Maces & Flails
  1052 | D:2      | Reached skill level 1 in Polearms
  1052 | D:2      | Reached skill level 1 in Staves
  1052 | D:2      | Reached skill level 1 in Slings
  1052 | D:2      | Reached skill level 1 in Bows
  1052 | D:2      | Reached skill level 1 in Crossbows
  1052 | D:2      | Reached skill level 1 in Throwing
  1052 | D:2      | Reached skill level 1 in Armour
  1052 | D:2      | Reached skill level 1 in Dodging
  1052 | D:2      | Reached skill level 1 in Unarmed Combat
  1052 | D:2      | Reached skill level 1 in Evocations
  1213 | D:2      | Reached XP level 4. HP: 38/38 MP: 8/8
  1323 | D:2      | Noticed Terence
  1498 | D:2      | Found a faded altar of an unknown god.
  1597 | D:2      | Became a worshipper of Elyvilon the Healer
  1597 | D:2      | Reached * piety under Elyvilon
  1857 | D:2      | Learned a level 2 spell: Throw Frost
  1861 | D:2      | Learned a level 3 spell: Ignite Poison
  1918 | D:2      | Reached skill level 1 in Conjurations
  1918 | D:2      | Reached skill level 1 in Hexes
  1918 | D:2      | Reached skill level 1 in Charms
  1918 | D:2      | Reached skill level 1 in Necromancy
  1918 | D:2      | Reached skill level 1 in Translocations
  1918 | D:2      | Reached skill level 1 in Transmutations
  1918 | D:2      | Reached skill level 1 in Fire Magic
  1918 | D:2      | Reached skill level 1 in Ice Magic
  1918 | D:2      | Reached skill level 1 in Air Magic
  1918 | D:2      | Reached skill level 1 in Earth Magic
  2206 | D:3      | Reached XP level 5. HP: 35/43 MP: 9/9
  2695 | D:3      | Reached ** piety under Elyvilon
  2738 | D:3      | Found a hide-covered altar of Uskayaw.
  2739 | D:3      | Found a hazy altar of Hepliaklqana.
  2752 | D:3      | Fell from the grace of Elyvilon
  2752 | D:3      | Became a worshipper of Hepliaklqana the Forgotten
  3170 | D:4      | Reached XP level 6. HP: 37/45 MP: 11/11
  3448 | D:4      | Reached skill level 5 in Fighting
  3448 | D:4      | Reached skill level 5 in Shields
  3547 | D:4      | Found Vukimpof's Armour Shoppe.
  3733 | D:4      | Reached XP level 7. HP: 50/50 MP: 12/12
  3750 | D:4      | Reached * piety under Hepliaklqana
  3776 | D:5      | Entered Level 5 of the Dungeon
  3776 | D:5      | Noticed a hungry ghost
  3793 | D:5      | Killed a hungry ghost
  4471 | D:5      | Reached XP level 8. HP: 49/56 MP: 14/14
  4697 | D:5      | Found a blossoming altar of Fedhas.
  5171 | D:6      | Found a staircase to the Ecumenical Temple.
  5616 | D:4      | Bought the +2 leather armour of Dogmatism {rPois} for 278 gold pieces
  5771 | D:6      | Reached XP level 9. HP: 40/62 MP: 16/16
  5914 | D:6      | Reached skill level 5 in Summonings
  5914 | D:6      | Reached skill level 5 in Poison Magic
  6168 | D:7      | Reached skill level 5 in Spellcasting
  6465 | D:7      | Reached ** piety under Hepliaklqana
  6466 | D:7      | Remembered your ancestor V1lat as a knight
  6624 | D:7      | Noticed Pikel
  6647 | D:7      | Killed Pikel
  6647 | D:7      | Reached skill level 5 in Stealth
  6657 | D:7      | Found Elufriri's Jewellery Shoppe.
  6713 | D:7      | Found a glowing silver altar of Zin.
  6829 | D:7      | Found a burning altar of Makhleb.
  7082 | D:8      | Noticed a two-headed ogre
  7091 | D:8      | Killed a two-headed ogre
  7091 | D:8      | Reached skill level 5 in Invocations
  7091 | D:8      | Reached XP level 10. HP: 53/69 MP: 18/18
  7176 | D:8      | Noticed a five-headed hydra
  7186 | D:8      | Noticed a deep elf mage
  7250 | D:8      | Found an opulent altar of Gozag.
  7256 | D:8      | Noticed Grum
  7355 | D:8      | Killed Grum
  7449 | D:8      | Reached skill level 5 in Short Blades
  7449 | D:8      | Reached skill level 5 in Long Blades
  7449 | D:8      | Reached skill level 5 in Axes
  7449 | D:8      | Reached skill level 5 in Maces & Flails
  7449 | D:8      | Reached skill level 5 in Polearms
  7449 | D:8      | Reached skill level 5 in Staves
  7449 | D:8      | Reached skill level 5 in Slings
  7449 | D:8      | Reached skill level 5 in Bows
  7449 | D:8      | Reached skill level 5 in Crossbows
  7449 | D:8      | Reached skill level 5 in Throwing
  7449 | D:8      | Reached skill level 5 in Armour
  7449 | D:8      | Reached skill level 5 in Dodging
  7449 | D:8      | Reached skill level 5 in Unarmed Combat
  7449 | D:8      | Reached skill level 5 in Evocations
  7464 | D:8      | Killed a deep elf mage
  7484 | D:8      | Noticed a two-headed ogre
  7497 | D:8      | Killed a two-headed ogre
  7823 | D:8      | Reached *** piety under Hepliaklqana
  7881 | D:8      | Killed a five-headed hydra
  8188 | D:8      | Found Ischeury's Antique Weapon Shop.
  8313 | D:9      | Noticed a two-headed ogre
  8324 | D:9      | Killed a two-headed ogre
  8324 | D:9      | Reached XP level 11. HP: 75/75 MP: 20/20
  8831 | D:9      | Got a polished leather armour
  8842 | D:9      | Identified the cursed +0 leather armour of Ydiworot {*Contam rC+ Int+6 Slay+2} (You found it on level 9 of the Dungeon)
  8858 | D:9      | Learned a level 3 spell: Regeneration
  8862 | D:9      | Learned a level 3 spell: Spectral Weapon
  8865 | D:9      | Learned a level 2 spell: Song of Slaying
  8868 | D:9      | Learned a level 2 spell: Shroud of Golubria
  8870 | D:9      | Learned a level 1 spell: Infusion
  9129 | D:9      | Found a staircase to the Lair.
  9132 | D:9      | Found a deep blue altar of Sif Muna.
  9269 | D:10     | Entered Level 10 of the Dungeon
  9269 | D:10     | Noticed Santangelo's ghost (journeyman VSBe)
  9357 | D:10     | Killed an unseen horror
  9357 | D:10     | Reached skill level 5 in Conjurations
  9357 | D:10     | Reached skill level 5 in Hexes
  9357 | D:10     | Reached skill level 5 in Charms
  9357 | D:10     | Reached skill level 5 in Necromancy
  9357 | D:10     | Reached skill level 5 in Translocations
  9357 | D:10     | Reached skill level 5 in Transmutations
  9357 | D:10     | Reached skill level 5 in Fire Magic
  9357 | D:10     | Reached skill level 5 in Ice Magic
  9357 | D:10     | Reached skill level 5 in Air Magic
  9357 | D:10     | Reached skill level 5 in Earth Magic
  9946 | D:10     | Learned a level 2 spell: Swiftness
 10884 | D:11     | Found the +9 mace of Variability {chaos}
 11094 | D:11     | Found a staircase to the Orcish Mines.
 11486 | D:11     | Noticed a two-headed ogre
 11512 | D:11     | Killed a two-headed ogre
 11512 | D:11     | Reached XP level 12. HP: 79/83 MP: 23/23
 11715 | D:11     | Found the +4 Vampire's Tooth {vamp}
 11868 | D:11     | Noticed a two-headed ogre
 11884 | D:11     | Killed a two-headed ogre
 11922 | D:11     | Reached **** piety under Hepliaklqana
 11996 | D:12     | Noticed a six-headed hydra
 12309 | D:12     | Noticed a two-headed ogre
 12341 | D:12     | Killed a two-headed ogre
 12864 | D:12     | Found a basalt altar of Yredelemnul.
 13162 | D:12     | Killed a six-headed hydra
 13572 | D:13     | Found a labyrinth entrance.
 13642 | Lab      | Entered a labyrinth
 13952 | Lab      | Noticed a minotaur
 13973 | Lab      | Got a faintly glowing brass ring
 13974 | Lab      | Got an ancient falchion
 13974 | Lab      | Got a steaming scale mail
 13978 | D:13     | Slain by a minotaur

Skill      XL: |  1  2  3  4  5  6  7  8  9 10 11 12 |
---------------+-------------------------------------+-----
Invocations    | 1 2 3 4 5 6 7 8 |  8.1
Short Blades   | 1 2 3 4 5 6 7 |  7.4
Long Blades    | 1 2 3 4 5 6 7 |  7.4
Axes           | 1 2 3 4 5 6 7 |  7.4
Maces & Flails | 1 2 3 4 5 6 7 |  7.4
Polearms       | 1 2 3 4 5 6 7 |  7.4
Staves         | 1 2 3 4 5 6 7 |  7.4
Slings         | 1 2 3 4 5 6 7 |  7.4
Bows           | 1 2 3 4 5 6 7 |  7.4
Crossbows      | 1 2 3 4 5 6 7 |  7.4
Throwing       | 1 2 3 4 5 6 7 |  7.4
Armour         | 1 2 3 4 5 6 7 |  7.4
Dodging        | 1 2 3 4 5 6 7 |  7.4
Unarmed Combat | 1 2 3 4 5 6 7 |  7.4
Evocations     | 1 2 3 4 5 6 7 |  7.4
Spellcasting   | 3 4 5 6 7 8 |  8.0
Conjurations   | 1 2 3 4 5 6 |  6.1
Hexes          | 1 2 3 4 5 6 |  6.1
Charms         | 1 2 3 4 5 6 |  6.1
Necromancy     | 1 2 3 4 5 6 |  6.1
Translocations | 1 2 3 4 5 6 |  6.1
Transmutations | 1 2 3 4 5 6 |  6.1
Fire Magic     | 1 2 3 4 5 6 |  6.1
Ice Magic      | 1 2 3 4 5 6 |  6.1
Air Magic      | 1 2 3 4 5 6 |  6.1
Earth Magic    | 1 2 3 4 5 6 |  6.1
Summonings     | 4 5 6 7 |  7.3
Poison Magic   | 4 5 6 7 |  7.3
Stealth        | 3 4 5 6 7 |  7.8
Fighting       | 5 6 7 8 |  8.8
Shields        | 5 6 7 8 |  8.8

Action                   |  1- 3 |  4- 6 |  7- 9 | 10-12 || total
-------------------------+-------+-------+-------+-------++-------
Melee: Spear             |    92 |   119 |       |       ||   211
       Bite              |     7 |    15 |    19 |    64 ||   105
       Trident           |       |    72 |   249 |   572 ||   893
 Cast: Sting             |     6 |     8 |       |       ||    14
       Spectral Weapon   |       |       |       |    23 ||    23
       Regeneration      |       |       |       |     6 ||     6
       Infusion          |       |       |       |     1 ||     1
Invok: Lesser Healing    |       |     1 |       |       ||     1
       Recall Ancestor   |       |     1 |     3 |     7 ||    11
       Ancestor Identity |       |       |     1 |       ||     1
       Ancestor Life: Kn |       |       |     1 |       ||     1
Evoke: Wand              |       |       |       |     9 ||     9
  Use: Scroll            |       |     6 |     7 |    16 ||    29
       Potion            |       |       |     1 |     7 ||     8
 Stab: Sleeping          |    10 |    10 |    10 |    18 ||    48
       Distracted        |       |       |     1 |     8 ||     9
  Eat: Chunk             |     1 |     9 |     7 |    14 ||    31
       Ration            |       |       |     1 |     3 ||     4
Armor: Robe              |    20 |    15 |       |       ||    35
       Leather armour    |       |     6 |    49 |   127 ||   182
Dodge: Dodged            |    43 |    81 |   139 |   309 ||   572
Block: Buckler           |       |     4 |    66 |   134 ||   204
